 Dungeon Crawl Stone Soup version 0.28-a0-657-g71136c5590 (webtiles) character file.

Game seed: 496124111365503158

233 cheechan the Sneak (level 6, -2/42 HPs)
             Began as an Octopode Fighter on Oct 13, 2021.
             Slain by a river rat (3 damage)
             ... in a sewer.
             The game lasted 00:10:15 (2814 turns).

cheechan the Sneak (Octopode Fighter)               Turns: 2814, Time: 00:10:16

Health: -2/42      AC:  1    Str: 16    XL:     6   Next: 4%
Magic:  6/6        EV: 10    Int: 10    God:
Gold:   72         SH: 12    Dex: 13    Spells: 5/5 levels left

rFire   . . .      SeeInvis .   a - +0 rapier
rCold   . . .      Faith    .   f - +0 tower shield
rNeg    . . .      Spirit   .   (helmet restricted)
rPois   .          Reflect  .   (no amulet)
rElec   .          Harm     .   (no ring)
rCorr   .          Rampage  .   (no ring)
Will    .....                   (no ring)
Stlth   +++++.....              (no ring)
HPRegen 0.14/turn               (no ring)
MPRegen 0.10/turn               (no ring)
                                (no ring)
                                (no ring)

@: mighty, lethally poisoned (-2 -> -9)
A: almost no armour, amphibious, 8 rings, camouflage 1, gelatinous body 1,
nimble swimmer 1, tentacles
a: no special abilities


You were in a sewer.
You visited 1 branch of the dungeon, and saw 3 of its levels.
You also visited: Sewer.

You collected 72 gold pieces.

Inventory:

Hand Weapons
 a - a +0 rapier (weapon)
 d - a +0 dagger
 j - a +0 dagger of holy wrath
 k - a +0 short sword
 m - a +0 falchion
Missiles
 i - 100 stones (quivered)
 l - 24 bolts
Armour
 b - a +0 buckler
 f - a +0 tower shield (worn)
Wands
 o - a wand of mindburst (11)
Scrolls
 e - 2 scrolls of teleportation
 r - a scroll of fear
Potions
 h - a potion of magic {unknown}
 n - a potion of flight {unknown}
 p - a potion of cancellation {unknown}
 q - a potion of mutation {unknown}


   Skills:
 + Level 3.5 Fighting
 + Level 3.6 Short Blades
 + Level 3.7 Dodging
 + Level 4.2 Stealth
 + Level 3.6 Shields


You had 5 spell levels left.
You didn't know any spells.
Your spell library contained the following spells:

 Spells                   Type           Power      Damage    Failure   Level
 Static Discharge         Conj/Air       0%         N/A       100%        2
 Lightning Bolt           Conj/Air       0%         1d11      100%        5
 Maxwell's Capacitive Co  Air            0%         ∞         100%        8


Dungeon Overview and Level Annotations

Branches:
Dungeon (3/15)              Sewer (1/1)

Altars:
Nemelex Xobeh


Innate Abilities, Weirdness & Mutations

You cannot wear most types of armour.
You are amphibious.
You can wear up to eight rings at the same time.
Your skin changes colour to match your surroundings (Stealth+).
Your rubbery body absorbs attacks. (AC +1, EV +1)
You are camouflaged near water. (Stealth+)
You have tentacles for arms and can constrict up to eight enemies at once.


Message History

* * * LOW HITPOINT WARNING * * *
You block the ball python's attack. x2
You block the adder's attack. You block the river rat's attack.
A ball python comes into view.
You block the adder's attack. The ball python bites you.
* * * LOW HITPOINT WARNING * * *
The ball python barely misses you. The adder closely misses you.
You hit the adder. Your grab misses the adder.
The adder is lightly wounded.
The ball python bites you.
* * * LOW HITPOINT WARNING * * *
You block the ball python's attack. You block the river rat's attack.
The adder bites you.
* * * LOW HITPOINT WARNING * * *
The ball python closely misses you. You block the ball python's attack.
The adder barely misses you.
You feel better. The ball python closely misses you.
You block the ball python's attack. The adder barely misses you.
The river rat twitches its whiskers.
The river rat closely misses you.
You feel very mighty all of a sudden.
The ball python hisses angrily.
You block the ball python's attack. x2; The adder bites you.
* * * LOW HITPOINT WARNING * * *
The adder barely misses you. You block the river rat's attack.
The river rat completely misses you.
You completely miss the adder. Your grab misses the adder.
The adder is lightly wounded.
You block the ball python's attack. x2; The adder barely misses you.
The adder bites you.
* * * LOW HITPOINT WARNING * * *
You are lethally poisoned!
The adder poisons you! The river rat closely misses you.
You block the river rat's attack. The ball python barely misses you. x2
The river rat closely misses you. The adder barely misses you.
The adder bites you.
* * * LOW HITPOINT WARNING * * *
The river rat bites you.
You die...

##≈#≈#≈
###≈#≈#≈####+##
.≈≈≈≈≈≈≈≈≈≈≈...
...≈≈≈≈≈≈≈≈≈...
...≈S≈≈≈≈≈≈....
..#≈≈≈≈≈≈≈≈≈...
..##≈≈S≈≈≈≈....
...#≈≈r@r≈≈....
....≈rSSr≈≈≈...
....r≈≈≈≈≈≈....
....≈≈≈≈≈≈.....
...r≈≈≈≈≈≈≈....
....≈≈≈≈≈≈.....
..#..≈≈≈r≈......#
##r..##..≈≈≈≈......


#rrr ##.≈≈≈≈......# You could see 2 adders, 4 river rats, 2 ball pythons and 3
rats.

Vanquished Creatures
  An ice beast (D:3)
  The ghost of AlleluiaPinecone the Sneak, an amateur VSBr of Ignis (D:3)
  2 adders
  3 worms (D:2)
  A dart slug (D:2)
  2 ball pythons
  3 endoplasms
  3 giant cockroaches
  7 goblins
  4 hobgoblins
  3 kobolds
  A quokka (D:2)
  7 bats
  5 frilled lizards
  7 rats
50 creatures vanquished.

Vanquished Creatures (others)
  A plant (D:1)
1 creature vanquished.

Grand Total: 51 creatures vanquished

Notes
Turn   | Place    | Note
-------+----------+-------------------------------------------
     0 | D:1      | cheechan the Octopode Fighter began the quest for the Orb.
     0 | D:1      | Reached XP level 1. HP: 16/16 MP: 1/1
   286 | D:1      | Reached XP level 2. HP: 12/21 MP: 2/2
  1391 | D:2      | Reached XP level 3. HP: 24/26 MP: 3/3
  1460 | D:2      | Found a faded altar of an unknown god.
  1823 | D:2      | Reached skill level 1 in Stealth
  2563 | D:3      | Noticed an ice beast
  2570 | D:3      | Killed an ice beast
  2571 | D:3      | Reached skill level 3 in Stealth
  2571 | D:3      | Reached XP level 4. HP: 22/31 MP: 4/4
  2571 | D:3      | Reached XP level 5. HP: 26/36 MP: 5/5
  2618 | D:3      | Found a sparkling altar of Nemelex Xobeh.
  2644 | D:3      | Found a runed translucent door.
  2644 | D:3      | Noticed AlleluiaPinecone's ghost (amateur VSBr)
  2670 | D:3      | Killed AlleluiaPinecone's ghost
  2671 | D:3      | Reached skill level 4 in Stealth
  2717 | D:3      | Found a glowing drain.
  2743 | D:3      | Reached XP level 6. HP: 27/42 MP: 6/6
  2767 | Sewer    | Entered a sewer
  2814 | Sewer    | HP: 1/42 [adder (4)]
  2814 | Sewer    | Slain by a river rat

Illustrated notes

Levels and vault maps discovered:
D:1:      elethiomel_arrival_maze, layout_basic, serial_forest,
          infiniplex_forest_clump_double, infiniplex_forest_clump_small,
          infiniplex_forest_clump_C, infiniplex_forest_straight_1,
          infiniplex_forest_corner_1, infiniplex_forest_clump_curved,
          grunt_decor_junction, patterned_corridor
D:2:      layout_basic, dreamdust_ecumenical_altar_statues
D:3:      layout_rooms, nicolae_overflow_hidden_temple,
          hellmonk_ghost_happy_afterlife, portal_sewer_entry_a
Sewer:    sewer_minmay_treatment

Skill      XL: |  1  2  3  4  5 |
---------------+----------------+-----
Stealth        | 3 4 |  4.2
Short Blades   | 3 |  3.6
Fighting       | |  3.5
Dodging        | |  3.7
Shields        | |  3.6

Action                   |  1- 3 |  4- 6 || total
-------------------------+-------+-------++-------
Melee: Rapier            |    77 |    31 ||   108
       Constrict         |    19 |     5 ||    24
       Tentacles         |    16 |     4 ||    20
  Use: Scroll            |     6 |       ||     6
       Potion            |       |     4 ||     4
 Stab: Sleeping          |     9 |     2 ||    11
Armor: Skin              |     4 |     3 ||     7
Dodge: Dodged            |    12 |    30 ||    42
Block: Buckler           |     4 |       ||     4
       Tower shield      |    28 |    49 ||    77

Table legend: (Time is in decaauts)
 A = Elapsed time spent in this place.
 B = Non-inter-level travel time spent in this place.
 C = Inter-level travel time spent in this place.
 D = Time resting spent in this place.
 E = Time spent auto-exploring this place.
 F = Levels seen in this place.
 G = Mean time per level.
                   A        B        C        D        E       F      G
               +--------+--------+--------+--------+--------+-----+--------+
         Total |   2858 |   2858 |      0 |    609 |      0 |   4 |  714.5 |
       Dungeon |   2809 |   2809 |      0 |    609 |      0 |   3 |  936.3 |
         Sewer |     48 |     48 |      0 |      0 |      0 |   1 |   48.0 |
               +--------+--------+--------+--------+--------+-----+--------+

Top non-repeatable levels by time:
     D:1: 1369 daAuts
     D:2: 1222 daAuts
     D:3: 217 daAuts
   Sewer: 48 daAuts
